 Dungeon Crawl Stone Soup version 0.20.1-1-g8b1a95d (webtiles) character file.

178 septik the Sneak (level 5, -5/36 HPs)
             Began as an Octopode Assassin on July 3, 2017.
             Slain by a centaur (7 damage)
             ... on level 5 of the Dungeon.
             The game lasted 00:19:50 (4019 turns).

septik the Sneak (Octopode Assassin)                Turns: 4019, Time: 00:19:52

Health: -5/36      AC:  1    Str: 10    XL:     5   Next: 58%
Magic:  5/5        EV: 13    Int: 11    God:
Gold:   225        SH:  0    Dex: 15    Spells: 4/4 levels left

rFire    . . .     SeeInvis .   t - +1 short sword (venom)
rCold    . . .     Gourm    .   (no shield)
rNeg     . . .     Faith    .   (helmet restricted)
rPois    .         Spirit   .   (no amulet)
rElec    .         Reflect  .   l - -2 ring of intelligence (curse)
rCorr    .         Harm     .   p - ring of protection from magic
MR       +....                  (no ring)
Stlth    +++++.....             (no ring)
Regen    0.2/turn               (no ring)
MPRegen  0.1/turn               (no ring)
                                (no ring)
                                (no ring)

@: no status effects
A: almost no armour, stealthy swim, amphibious, 8 rings, constrict 8, camouflage
1, gelatinous body 1
a: no special abilities


You were on level 5 of the Dungeon.
You were hungry.

You visited 1 branch of the dungeon, and saw 6 of its levels.

You collected 225 gold pieces.

Inventory:

Hand Weapons
 a - a +2 dagger
 b - a +0 blowgun
 t - a +1 short sword of venom (weapon)
Missiles
 c - 95 poisoned needles
 g - 113 stones (quivered)
Jewellery
 l - a cursed -2 ring of intelligence (left tentacle)
 o - an uncursed ring of stealth {unknown}
 p - a ring of protection from magic (right tentacle)
 w - an uncursed amulet of rage {unknown}
Scrolls
 e - 2 scrolls of recharging
 q - 3 scrolls of teleportation
 r - 2 scrolls of remove curse {unknown}
 u - a scroll of blinking {unknown}
 y - a scroll of enchant armour {unknown}
Potions
 h - a potion of degeneration {unknown}
 i - 3 potions of curing
 j - a potion of haste {unknown}
 k - 3 potions of ambrosia {unknown}
 v - a potion of flight {unknown}
Comestibles
 f - 2 bread rations
 n - 2 meat rations
 s - 2 royal jellies


   Skills:
 * Level 3.1 Fighting
 + Level 3.6 Short Blades
 - Level 2.2 Throwing
 - Level 1.0 Dodging
 - Level 7.1 Stealth


You had 4 spell levels left.
You didn't know any spells.

Dungeon Overview and Level Annotations

Branches:
Dungeon (6/15)             Temple (0/1) D:4

Altars:

Annotations:
D:2 exclusion: 3 gnolls
D:4 exclusion: centaur, Paps's ghost, amateur MiFi


Innate Abilities, Weirdness & Mutations

You cannot wear most types of armour.
You are very stealthy in the water. (Stealth+)
You are amphibious.
You can wear up to eight rings at the same time.
You can use your tentacles to constrict eight enemies at once.
Your skin changes colour to match your surroundings (Stealth+).
Your rubbery body absorbs attacks. (AC +1, EV +1)


Message History

The centaur is moderately wounded.
The centaur misses you.
You hit the centaur.
The centaur looks as sick as possible!
Your squeeze misses the centaur.
The centaur is moderately wounded.
The centaur hits you!
* * * LOW HITPOINT WARNING * * *
The centaur hits you.
* * * LOW HITPOINT WARNING * * *
You hit the centaur but do no damage.
The centaur looks as sick as possible!
The centaur is severely wounded.
The centaur barely misses you.
Unknown command.
You hit the centaur.
The centaur looks as sick as possible!
Your squeeze misses the centaur.
The centaur is almost dead.
The centaur hits you.
* * * LOW HITPOINT WARNING * * *
The centaur hits you!
You die... (.########### ....(..(c@(># ..###########

You could see a centaur.

Vanquished Creatures
  A hound (D:4)
  7 adders
  An ooze (D:2)
  A worm (D:2)
  4 dart slugs
  An orc (D:4)
  3 bats (D:1)
  5 giant cockroaches
  4 hobgoblins
  17 jackals
  3 quokkas
  6 frilled lizards
  7 goblins
  7 kobolds
  2 rats
69 creatures vanquished.

Notes
Turn   | Place    | Note
-------+----------+-------------------------------------------
     0 | D:1      | septik the Octopode Assassin began the quest for the Orb.
     0 | D:1      | Reached XP level 1. HP: 14/14 MP: 1/1
   283 | D:1      | Reached XP level 2. HP: 19/19 MP: 2/2
   852 | D:1      | Reached XP level 3. HP: 21/24 MP: 3/3
   963 | D:1      | Reached skill level 6 in Stealth
  1535 | D:2      | Reached XP level 4. HP: 29/29 MP: 4/4
  2477 | D:2      | Reached skill level 7 in Stealth
  3106 | D:3      | Reached XP level 5. HP: 22/35 MP: 5/5
  3642 | D:4      | Noticed a centaur
  3652 | D:4      | Noticed Paps's ghost (amateur MiFi)
  3749 | D:4      | You fall through a shaft for 2 floors!
  3771 | D:5      | Entered Level 5 of the Dungeon
  3776 | D:5      | Noticed a centaur
  4019 | D:5      | Slain by a centaur

Skill      XL: |  1  2  3  4  5 |
---------------+----------------+-----
Stealth        | 6 7 |  7.1
Short Blades   | 3 |  3.6
Fighting       | 3 |  3.1
Throwing       | |  2.2
Dodging        | |  1.0

Action                   |  1- 3 |  4- 6 || total
-------------------------+-------+-------++-------
Melee: Dagger            |    63 |    75 ||   138
       Constrict         |    15 |    19 ||    34
       Tentacles         |     9 |    16 ||    25
       Short sword       |       |     8 ||     8
 Fire: Blowgun           |       |    11 ||    11
Throw: Stone             |       |     1 ||     1
  Use: Scroll            |       |     6 ||     6
 Stab: Sleeping          |     8 |     8 ||    16
  Eat: Chunk             |     1 |     8 ||     9
Armor: Skin              |     3 |     4 ||     7
Dodge: Dodged            |    36 |    48 ||    84
